AoeStats
← f.mark96

Highland

505305463Analyzed
3v3 RM · 22d ago on Sep 8, 2026· 16m 37s· 6 players
Game mode
Random Map
Map size
Normal (6 player)
Population
200
Speed
Normal
Resources
Standard
Victory
Conquest
Starting age
Dark Age
Ending age
Imperial Age
RankedLock teamsTeams togetherTeam positionsShared explorationLock speedFull tech treeHidden civsTurbo modeCheats
Victory
Defeat
🇸🇪 Franks · Sweden
1233
+14
🇸🇪 Slavs · Sweden
1221
+14
🇸🇪 Magyars · Sweden
1212
+14
🇭🇺 Wei · Hungary
1208
-15
🇭🇺 Romans · Hungary
1175
-14
🇭🇺 Lithuanians · Hungary
1162
-13
mark.mate96
2:17 Loom
2:33 Loom
2:51 Loom
3:35 Loom
4:27 Loom
11:14 Feudal Age
15:55 Castle Age
f.mark96
7:15 Loom
10:41 Feudal Age
11:44 Double-Bit Axe
12:05 Horse Collar
14:12 Wheelbarrow
14:20 Gold Mining
Saxon_deez
6:40 Loom
12:25 Feudal Age
18:45 Castle Age
16:44 Double-Bit Axe
16:41 Horse Collar
Kent-Agent
8:34 Loom
11:12 Feudal Age
16:03 Castle Age
15:04 Double-Bit Axe
17:12 Wheelbarrow
17:09 Scale Barding Armor
Kaos1000
7:04 Loom
12:29 Feudal Age
13:02 Double-Bit Axe
12:59 Horse Collar
HELGE!!!!!!!!!!!
6:45 Loom
9:17 Feudal Age
9:57 Double-Bit Axe
Connection lost

Rejoining the realm…

Still unreachable

The connection could not be restored.

Session expired

The server has moved on; the page needs a fresh start.